 Dungeon Crawl Stone Soup version 0.31-a0-210-gccc998df9b (webtiles) character file.

Game seed: 6032807047887624975

14 qw the Shooter (level 2, 0/16 HPs)
             Began as a Gargoyle Hexslinger on June 29, 2023.
             Slain by a frilled lizard (2 damage)
             ... on level 2 of the Dungeon.
             The game lasted 00:00:11 (774 turns).

qw the Shooter (Gargoyle Hexslinger)                 Turns: 774, Time: 00:00:12

Health: 0/16       AC:  7    Str: 11    XL:     2   Next: 41%
Magic:  3/3        EV:  7    Int: 13    God:
Gold:   51         SH:  0    Dex: 12    Spells: 2/3 levels left

rFire   . . .        Y - +1 sling
rCold   . . .        (no shield)
rNeg    + . .        h - +0 ring mail
rPois   inf          (no helmet)
rElec   +            (no cloak)
rCorr   .            (no gloves)
SInv    .            (no boots)
Will    .....        (no amulet)
Stlth   +            (no ring)
HPRegen 0.22/turn    (no ring)
MPRegen 0.08/turn

%: no passive effects
@: constricted
A: sickness immunity, AC +2, negative energy resistance 1, electricity
resistance, torment resistance 1, petrification resistance
a: no special abilities


You were on level 2 of the Dungeon.
You visited 1 branch of the dungeon, and saw 2 of its levels.

You collected 51 gold pieces.


Innate Abilities, Weirdness & Mutations

You are immune to sickness and miasma.
Your stone body is resilient. (AC +2)
You are immune to poison.
You resist negative energy. (rN+)
You are resistant to electric shocks. (rElec)
You are resistant to unholy torment.
You are immune to petrification.


   Skills:
 + Level 1.1 Fighting
 - Level 3.0 Ranged Weapons
 - Level 1.5 Dodging
 - Level 1.0 Spellcasting
 - Level 2.6 Hexes


You had 2 spell levels left.
You knew the following spells:

 Your Spells              Type           Power      Damage    Failure   Level
a - Slow                  Hex            28%        N/A       22%         1

Your spell library contained the following spells:

 Spells                   Type           Power      Damage    Failure   Level
 Inner Flame              Hex/Fire       4%         N/A       75%         3
 Portal Projectile        Hex/Tloc       8%         N/A       75%         3
 Cause Fear               Hex            3%         N/A       92%         4

Inventory:

Hand Weapons
 Y - a +1 sling (weapon)
Armour
 h - a +0 ring mail (worn)
Scrolls
 a - a scroll of identify
Potions
 g - a potion of curing {unknown}
 i - a potion of lignification {unknown}

Dungeon Overview and Level Annotations

Branches:
Dungeon (2/15)

Altars:

Annotations:
D:1 1 runed translucent door


Message History

You are frozen.
The ball python barely misses you. The ball python constricts you.
You shoot a sling bullet. The sling bullet hits the ball python.
The ball python is moderately wounded.
The bat hits you but does no damage. The frilled lizard barely misses you.
The endoplasm barely misses you.
The ball python bites you but does no damage.
The ball python constricts you.
The endoplasm hits you but does no damage.
The frilled lizard closely misses you.
You shoot a sling bullet.
The sling bullet barely misses the ball python.
The bat hits you but does no damage.
The ball python bites you but does no damage.
The ball python constricts you. The bat barely misses you.
The frilled lizard bites you.
The endoplasm hits you but does no damage.
The ball python closely misses you. The ball python constricts you.
You shoot a sling bullet.
The sling bullet barely misses the ball python.
The bat closely misses you. The ball python completely misses you.
The ball python constricts you.
The frilled lizard bites you but does no damage.
The endoplasm hits you but does no damage.
You shoot a sling bullet.
The sling bullet barely misses the ball python.
The bat hits you but does no damage. The ball python completely misses you.
The ball python constricts you.
The frilled lizard bites you but does no damage.
The endoplasm hits you.
The ball python bites you but does no damage.
The ball python constricts you. The endoplasm freezes you.
You are frozen.
The frilled lizard closely misses you.
You shoot a sling bullet.
The sling bullet hits the ball python but does no damage.
The ball python is moderately wounded.
The bat hits you but does no damage. The ball python bites you.
The ball python constricts you. The frilled lizard bites you.
You die...

.. #. .. #.
##.## #...#
#.b.# #.J@#
#.lS#
.......
..........
#..........
###.#....###
#.#....# #
#....#


You could see an endoplasm, a bat, a ball python and a frilled lizard.

Vanquished Creatures
  2 endoplasms
  A giant cockroach (D:1)
  2 goblins (D:1)
  2 hobgoblins (D:1)
  2 kobolds (D:1)
  A frilled lizard (D:1)
  2 rats (D:1)
12 creatures vanquished.

Notes
Turn   | Place    | Note
-------+----------+-------------------------------------------
     0 | D:1      | qw the Gargoyle Hexslinger began the quest for the Orb.
     0 | D:1      | Reached XP level 1. HP: 12/12 MP: 2/2
     0 | D:1      | 0 ||| qw: Version: 0.3-a-24-ga2abf7b
     0 | D:1      | 0 ||| qw: Game counter: 6843
     0 | D:1      | 0 ||| qw: Melee chars always use a shield: true
     0 | D:1      | 0 ||| qw: God list: Okawaru
     0 | D:1      | 0 ||| qw: Allow faded altars: false
     0 | D:1      | 0 ||| qw: Do Orc after clearing Dungeon:15 true
     0 | D:1      | 0 ||| qw: Do second Lair branch before Depths: true
     0 | D:1      | 0 ||| qw: Lair rune preference: random
     0 | D:1      | 0 ||| qw: Goals: Normal
     0 | D:1      | 0 ||| PLANNING D:1-11
     1 | D:1      | Found a runed translucent door.
    70 | D:1      | 70 ||| DROPPING scroll of poison.
   235 | D:1      | Reached XP level 2. HP: 16/16 MP: 3/3
   724 | D:1      | 724 ||| UPGRADING to +0 leather armour.
   734 | D:1      | 734 ||| DROPPING +0 robe.
   735 | D:1      | 735 ||| UPGRADING to +0 ring mail.
   745 | D:1      | 745 ||| DROPPING +0 leather armour.
   746 | D:1      | 746 ||| READING 2 scrolls labelled KOIDAO DINKY.
   747 | D:1      | 747 ||| READING scroll labelled TENUOMP UTASTRIHE.
   759 | D:1      | 759 ||| READING scroll labelled UNYR OKIUTANE.
   768 | D:2      | Reached skill level 3 in Ranged Weapons
   773 | D:2      | HP: 4/16 [frozen (2)]
   774 | D:2      | Slain by a frilled lizard

Levels and vault maps discovered:
D:1:      dpeg_arrival_caged_fury, layout_basic, serial_co_window_serial,
          co_window_cross_1, co_window_paths_a, co_window_of_opportunity_a,
          co_window_corner_a, co_window_of_opportunity_a, co_window_broadway_b,
          co_window_broadway_a, co_window_broadway_c, co_window_corner_b,
          co_window_corner_cb, co_window_of_opportunity_b, glass_columns_b,
          glass_columns_a, glass_columns_a
D:2:      layout_loops_cross

Skill      XL: |  1  2 |
---------------+-------+-----
Ranged Weapons | 3 |  3.0
Fighting       | |  1.1
Dodging        | |  1.5
Spellcasting   | |  1.0
Hexes          | |  2.6

Action                     || total
---------------------------++-------
   Fire: Sling             ||    29
    Use: Scroll            ||     3
 Armour: Ring mail         ||    14
  Dodge: Dodged            ||    12

Table legend:
 A = Non-vault XP
 B = Vault XP
 C = Vault XP percentage of total XP
 D = Non-vault monster count
 E = Vault monster count
 F = Vault count percentage of total count
                 A         B        C        D         E       F
            +---------+---------+-------+---------+---------+-------
      Total |      20 |       0 |   0.0 |      12 |       0 |   0.0
            +---------+---------+-------+---------+---------+-------
        D:1 |      18 |       0 |   0.0 |      11 |       0 |   0.0
        D:2 |       2 |       0 |   0.0 |       1 |       0 |   0.0
            +---------+---------+-------+---------+---------+-------
